 Dungeon Crawl Stone Soup version 0.24.1-8-ga250c9d538 (webtiles) character file.

Game seed: 4416364082119009538, levelgen mode: deterministic

74 Gabide the Skirmisher (level 4, -3/35 HPs)
             Began as a Human Fighter on May 1, 2020.
             Killed by divine providence
             ... invoked by an orc priest
              (13 damage)
             ... on level 3 of the Dungeon.
             The game lasted 00:02:56 (1556 turns).

Gabide the Skirmisher (Human Fighter)               Turns: 1556, Time: 00:02:57

Health: -3/35      AC: 10    Str: 18    XL:     4   Next: 54%
Magic:  3/4        EV:  4    Int:  8    God:
Gold:   98         SH:  9    Dex: 12    Spells: 3/3 levels left

rFire    . . .     SeeInvis .   a - +0 flail
rCold    . . .     Gourm    .   c - +0 shield
rNeg     . . .     Faith    .   l - +0 chain mail
rPois    .         Spirit   .   (no helmet)
rElec    .         Reflect  .   (no cloak)
rCorr    .         Harm     .   (no gloves)
MR       .....                  e - +0 pair of boots (curse)
Stlth    ..........             (no amulet)
HPRegen  0.11/turn              (no ring)
MPRegen  0.09/turn              (no ring)

@: no status effects
A: no striking features
a: no special abilities


You were on level 3 of the Dungeon.
You were not hungry.

You visited 1 branch of the dungeon, and saw 4 of its levels.

You collected 98 gold pieces.

Inventory:

Hand Weapons
 a - a +0 flail (weapon)
Missiles
 i - 42 stones (quivered)
Armour
 b - a +0 scale mail
 c - a +0 shield (worn)
 e - a cursed +0 pair of boots (worn)
 l - a +0 chain mail (worn)
Jewellery
 k - an uncursed ring of flight {unknown}
Potions
 g - a potion of magic {unknown}
 h - a potion of ambrosia {unknown}
 j - a potion of degeneration {unknown}
 m - a potion of heal wounds {unknown}
 n - a potion of agility {unknown}
Comestibles
 f - 4 rations


   Skills:
 + Level 3.5 Fighting
 * Level 3.2 Maces & Flails
 * Level 3.5 Armour
 + Level 0.3 Stealth
 + Level 3.1 Shields


You had 3 spell levels left.
You didn't know any spells.
Your spell library contained the following spells:

 Spells                   Type           Power        Failure   Level  Hunger
 Corona                   Hex            #......      100%        1    ##.....
 Ensorcelled Hibernation  Hex/Ice        #.....       100%        2    ###....
 Confuse                  Hex            #.......     100%        3    ####...
 Dazzling Spray           Conj/Hex       #.....       100%        3    ####...
 Tukima's Dance           Hex            #.......     100%        3    ####...


Dungeon Overview and Level Annotations

Branches:
Dungeon (4/15)
 Temple: D:4-7

Altars:
Vehumet


Message History

The orc is moderately wounded.
The orc hits you with a +0 mace. The orc barely misses you.
You hit the orc.
The orc is heavily wounded.
You block the orc's attack. x2
You barely miss the orc.
The orc is heavily wounded.
The orc barely misses you. You block the orc's attack.
You hit the orc.
You kill the orc!
You block the orc's attack.
The orc hits you with a +0 antimagic trident.
* * * LOW HITPOINT WARNING * * *
You feel your power leaking away.
You see here a +0 mace.
You hit the orc.
The orc is severely wounded.
The orc priest mumbles some strange prayers to Beogh against you.
Beogh smites you!
You die...

.######### ........>#
.######..############
#......†@oo....#
#.....#########.#
##...## ##.## #.# #.#
#+


You could see an orc priest and an orc.

Vanquished Creatures
  An adder (D:2)
  2 shadow imps (D:2)
  A dart slug (D:2)
  2 orcs (D:3)
  2 ball pythons
  2 giant cockroaches
  6 goblins
  3 hobgoblins
  11 jackals (D:1)
  A quokka (D:2)
  2 frilled lizards (D:2)
  3 kobolds
  6 rats (D:1)
42 creatures vanquished.

Notes
Turn   | Place    | Note
-------+----------+-------------------------------------------
     0 | D:1      | Gabide the Human Fighter began the quest for the Orb.
     0 | D:1      | Reached XP level 1. HP: 18/18 MP: 1/1
   266 | D:1      | Reached XP level 2. HP: 24/24 MP: 2/2
   615 | D:1      | Reached XP level 3. HP: 28/29 MP: 3/3
  1256 | D:2      | Reached XP level 4. HP: 29/35 MP: 4/4
  1521 | D:2      | You fall into a shaft and drop 2 floors!
  1521 | D:4      | Found a radiant altar of Vehumet.
  1556 | D:3      | Killed from afar by an orc priest

Levels and vault maps discovered:
D:1:      scummos_arrival_hexagon, layout_basic
D:2:      layout_basic, serial_glass, glass_columns_a, glass_columns_a,
          corexii_leaking_fountain
D:3:      layout_loops_corners
D:4:      layout_layer_cave, grunt_temple_overflow_open,
          minmay_temple_entry_ruins, first_ration

Skill      XL: |  1  2  3  4 |
---------------+-------------+-----
Maces & Flails | 3 |  3.2
Fighting       | |  3.5
Armour         | |  3.5
Stealth        | |  0.3
Shields        | |  3.1

Action                   |  1- 3 |  4- 6 || total
-------------------------+-------+-------++-------
Melee: Flail             |   134 |    25 ||   159
  Use: Scroll            |       |     1 ||     1
       Potion            |       |     1 ||     1
  Eat: Chunk             |     1 |       ||     1
       Ration            |       |     1 ||     1
Armor: Scale mail        |    20 |       ||    20
       Chain mail        |    56 |    17 ||    73
Dodge: Dodged            |    30 |     8 ||    38
Block: Shield            |    66 |    16 ||    82
